 Dungeon Crawl Stone Soup version 0.26-a0-1181-gd376ed14c5 (webtiles) character file.

Game seed: 9245155572990495577

397 voltaire321 the Insei (level 6, -1/41 HPs)
             Began as an Octopode Transmuter on Dec 26, 2020.
             Was a Follower of Fedhas.
             Slain by an ogre
             ... wielding a +0 giant spiked club
              (15 damage)
             ... on level 4 of the Dungeon.
             The game lasted 00:14:58 (4954 turns).

voltaire321 the Insei (Octopode Transmuter)         Turns: 4954, Time: 00:14:59

Health: -1/41      AC:  1    Str:  9    XL:     6   Next: 83%
Magic:  9/10       EV: 14    Int: 16    God:    Fedhas [*.....]
Gold:   177        SH:  0    Dex: 14    Spells: 5/11 levels left

rFire    . . .     SeeInvis +     - Unarmed
rCold    . . .     Faith    .   (no shield)
rNeg     . . .     Spirit   .   (helmet currently unavailable)
rPois    .         Reflect  .   (no amulet)
rElec    .         Harm     .   l - ring of see invisible
rCorr    +         Rampage  .   t - +4 ring of slaying
Will     .....                  u - ring of resist corrosion
Stlth    ++........             (no ring)
HPRegen  0.13/turn              (no ring)
MPRegen  0.12/turn              (no ring)
                                (no ring)
                                (no ring)

@: appendages
A: almost no armour, stealthy swim, amphibious, 8 rings, constrict 8, tentacle
spike 3, camouflage 1, gelatinous body 1
a: End Transformation, Renounce Religion


You were on level 4 of the Dungeon.
You worshipped Fedhas.
Fedhas was aware of your devotion.
One of your tentacles had a temporary spike.
You visited 1 branch of the dungeon, and saw 4 of its levels.

You collected 177 gold pieces.

Inventory:

Missiles
 v - 6 poisoned darts (quivered)
Armour
 k - a +2 hat (melded)
Jewellery
 l - a ring of see invisible (left tentacle)
 t - a +4 ring of slaying (right tentacle)
 u - a ring of resist corrosion (on tentacle)
 y - an uncursed ring of ice
Wands
 w - a wand of random effects (19)
 x - a wand of enslavement (7)
Scrolls
 c - a scroll of amnesia
 d - a scroll of blinking
 f - 7 scrolls of teleportation
 h - a scroll of magic mapping {unknown}
 j - 4 scrolls of identify
 o - a scroll of fear {unknown}
 p - a scroll of remove curse
 r - a scroll of enchant armour
Potions
 a - 4 potions of curing
 b - a potion of haste {unknown}
 e - 2 potions of brilliance
 g - 2 potions of heal wounds {unknown}
 i - 3 potions of might {unknown}
 m - 2 potions of lignification {unknown}
 n - a potion of invisibility {unknown}
 q - a potion of attraction {unknown}
 s - 3 potions of magic {unknown}
 z - a potion of flight {unknown}


   Skills:
 + Level 2.4 Fighting
 + Level 3.2 Dodging
 + Level 3.8 Unarmed Combat
 + Level 3.0 Spellcasting
 + Level 3.1 Transmutations
 * Level 3.2 Poison Magic
 + Level 2.1 Invocations


You had 5 spell levels left.
You knew the following spells:

 Your Spells              Type           Power        Failure   Level
a - Beastly Appendage     Tmut           24%          5%          1
b - Wereblood             Tmut           12%          8%          2
c - Spider Form           Tmut/Pois      6%           16%         3

Your spell library contained the following spells:

 Spells                   Type           Power        Failure   Level
 Ice Form                 Ice/Tmut       7%           67%         4
 Blade Hands              Tmut           6%           82%         5


Dungeon Overview and Level Annotations

Branches:
Dungeon (4/15)
 Temple: D:4-7

Altars:
Elyvilon
Fedhas
Kikubaaqudgha
Sif Muna
Uskayaw
Wu Jian
The Shining One


Innate Abilities, Weirdness & Mutations

You cannot wear most types of armour.
You are very stealthy in the water. (Stealth+)
You are amphibious.
You can wear up to eight rings at the same time.
You can use your tentacles to constrict eight enemies at once.
Your skin changes colour to match your surroundings (Stealth+).
Your rubbery body absorbs attacks. (AC +1, EV +1)
One of your tentacles bears a large vicious spike.


Message History

The worker ant is moderately wounded.
You constrict the worker ant.
The ogre looks more healthy.
The worker ant barely misses you.
You tentacle-slap the worker ant.
You pierce the worker ant, but do no damage.
You squeeze the worker ant!
The worker ant is almost dead.
You constrict the worker ant.
You kill the worker ant!
Fedhas accepts your kill.
Your life force feels restored.
You tentacle-slap the ogre. Your squeeze misses the ogre.
The ogre is moderately wounded.
The ogre hits you with a +0 giant spiked club!!
Ouch! That really hurt!
You tentacle-slap the ogre.
The ogre is heavily wounded.
The ogre hits you with a +0 giant spiked club!
You die...
Fedhas appreciates your contribution to the ecosystem.

[.... .... #..#
..#(.# # #.#(.#.#
#.#..#.#.##.
#.#......... ..
#####.##O#.#.##.
.. ........@#.#.##
.#
#####.#.........
.#
#..........#.##.
.#
#.#.###.##.......
.# #.#.#
#.##...#.## .##
#.#.# #.##...#.#
..#
#.#.###.##...#.#
#.#
#.#.#....#...#.#
#.##
#.#.###.##...#.###


You could see an ogre.

Vanquished Creatures
  A scorpion (D:4)
  4 wights (D:4)
  A worker ant (D:4)
  A hound skeleton (D:4)
  Robin (D:4)
  5 adders
  An ooze (D:3)
  3 worms
  2 dart slugs
  2 leopard geckos (D:3)
  2 giant cockroaches
  14 goblins
  9 hobgoblins
  8 jackals
  2 quokkas (D:3)
  5 bats
  8 frilled lizards
  8 kobolds
  A leopard gecko skeleton (D:4)
  6 rats
84 creatures vanquished.

Vanquished Creatures (others)
  6 plants (D:2)
  5 withered plants (D:2)
11 creatures vanquished.

Grand Total: 95 creatures vanquished

Notes
Turn   | Place    | Note
-------+----------+-------------------------------------------
     0 | D:1      | voltaire321 the Octopode Transmuter began the quest for the
                  | Orb.
     0 | D:1      | Reached XP level 1. HP: 13/13 MP: 3/3
   384 | D:1      | Reached XP level 2. HP: 18/18 MP: 3/5
   401 | D:1      | Learned a level 2 spell: Wereblood
  1107 | D:1      | Reached XP level 3. HP: 23/23 MP: 4/6
  1595 | D:2      | Found a shimmering blue altar of Sif Muna.
  1657 | D:2      | Found a hide-covered altar of Uskayaw.
  1834 | D:2      | Found a white marble altar of Elyvilon.
  1995 | D:2      | Found a blossoming altar of Fedhas.
  1998 | D:2      | Found an ancient bone altar of Kikubaaqudgha.
  2003 | D:2      | Became a worshipper of Fedhas Madash
  2548 | D:3      | Reached XP level 4. HP: 29/29 MP: 5/7
  2572 | D:3      | Learned a level 3 spell: Spider Form
  3086 | D:3      | You fall into a shaft and drop 1 floor!
  3122 | D:4      | Noticed an ogre
  3268 | D:3      | Reached skill level 1 in Poison Magic
  3498 | D:3      | Found a glowing golden altar of the Shining One.
  4003 | D:3      | Found an ornate altar of the Wu Jian Council.
  4185 | D:4      | Reached * piety under Fedhas
  4186 | D:4      | Reached XP level 5. HP: 34/34 MP: 6/8
  4240 | D:4      | Noticed Robin
  4259 | D:4      | Killed Robin
  4260 | D:4      | Reached skill level 1 in Invocations
  4506 | D:4      | Reached XP level 6. HP: 23/39 MP: 10/10
  4954 | D:4      | Slain by an ogre

Illustrated notes

Levels and vault maps discovered:
D:1:      dpeg_arrival_pond, layout_loops_corners
D:2:      layout_basic, grunt_temple_overflow_growth_and_decay, led_sif_pool,
          lemuel_doored_altar, elyvilon_altar_5
D:3:      layout_loops_corners, marbit_many_paths,
          nicolae_tso_swordbearing_angel
D:4:      minmay_general_purpose_star, layout_basic, uniq_robin

Skill      XL: |  1  2  3  4  5  6 |
---------------+-------------------+-----
Poison Magic   | 1 2 3 |  3.2
Invocations    | 1 2 |  2.1
Fighting       | 2 |  2.4
Dodging        | 3 |  3.2
Transmutations | 3 |  3.1
Spellcasting   | 3 |  3.0
Unarmed Combat | |  3.8

Action                   |  1- 3 |  4- 6 || total
-------------------------+-------+-------++-------
Melee: Unarmed           |    78 |    93 ||   171
       Kick              |    19 |    18 ||    37
       Constrict         |    22 |    24 ||    46
       Tentacles         |    10 |    13 ||    23
       Punch             |     1 |     1 ||     2
Throw: Dart              |       |     4 ||     4
 Cast: Beastly Appendage |    28 |    20 ||    48
       Wereblood         |     1 |     1 ||     2
  Use: Scroll            |     4 |     3 ||     7
 Stab: Sleeping          |     5 |     1 ||     6
Armor: Skin              |     5 |     4 ||     9
Dodge: Dodged            |    46 |    48 ||    94

Table legend: (Time is in decaauts)
 A = Elapsed time spent in this place.
 B = Non-inter-level travel time spent in this place.
 C = Inter-level travel time spent in this place.
 D = Time resting spent in this place.
 E = Time spent auto-exploring this place.
 F = Levels seen in this place.
 G = Mean time per level.
                   A        B        C        D        E       F      G
               +--------+--------+--------+--------+--------+-----+--------+
         Total |   4943 |   4787 |    156 |   1735 |   1915 |   4 | 1235.8 |
       Dungeon |   4943 |   4787 |    156 |   1735 |   1915 |   4 | 1235.8 |
               +--------+--------+--------+--------+--------+-----+--------+

Top non-repeatable levels by time:
     D:3: 1472 daAuts
     D:2: 1323 daAuts
     D:1: 1318 daAuts
     D:4: 829 daAuts
